 Dungeon Crawl Stone Soup version 0.30.1-11-g7821555f0a (webtiles) character file.

Game seed: 17428209423828208726

463 lonewolfV2 the Shield-Bearer (level 7, 0/59 HPs)
             Began as a Formicid Fighter on Nov 14, 2023.
             Was an Initiate of Qazlal.
             Slain by a water moccasin (3 damage)
             ... on level 4 of the Dungeon.
             The game lasted 00:06:26 (2923 turns).

lonewolfV2 the Shield-Bearer (Formicid Fighter)     Turns: 2923, Time: 00:06:27

Health: 0/59       AC: 11    Str: 23    XL:     7   Next: 29%
Magic:  7/7        EV:  8    Int:  7    God:    Qazlal [......]
Gold:   208        SH:  6    Dex: 19    Spells: 6/6 levels left

rFire   . . .        j - +5 executioner's axe (heavy)
rCold   . . .        c - +0 buckler
rNeg    . . .        l - +0 chain mail
rPois   .            (helmet unavailable)
rElec   .            i - +1 cloak
rCorr   .            (no gloves)
SInv    +            (no boots)
Will    .....        (no amulet) Stlth
                     h - +6 ring of dexterity
HPRegen 0.29/turn    (no ring)
MPRegen 0.10/turn

%: no passive effects
@: lethally poisoned (0 -> -6)
A: permanent stasis, dig shafts and tunnels, antennae 3, four strong arms
a: Dig, Shaft Self, Renounce Religion


You were on level 4 of the Dungeon.
You worshipped Qazlal.
Qazlal was noncommittal.
You visited 2 branches of the dungeon, and saw 5 of its levels.

You collected 208 gold pieces.

Inventory:

Hand Weapons
 a - a +0 war axe
 j - a +5 heavy executioner's axe (weapon)
Missiles
 n - a throwing net
 p - 7 stones
Armour
 c - a +0 buckler (worn)
 i - a +1 cloak (worn)
 l - a +0 chain mail (worn)
Jewellery
 b - a ring of positive energy
 h - a +6 ring of dexterity (left hand)
Scrolls
 o - a scroll of silence
 q - 2 scrolls of immolation
 r - a scroll of vulnerability {unknown}
 u - a scroll of identify
 w - a scroll of torment {unknown}
 x - a scroll of fear
Potions
 d - a potion of might
 e - 3 potions of curing
 f - a potion of heal wounds {unknown}
 g - 2 potions of magic
 k - a potion of degeneration {unknown}
 m - 2 potions of flight
 s - a potion of mutation {unknown}
 t - a potion of attraction {unknown}
 v - a potion of haste {unknown}


   Skills:
 + Level 6.7 Fighting
 - Level 2.0 Axes
 - Level 3.2 Armour
 + Level 7.3 Shields


You had 6 spell levels left.
You didn't know any spells.
Your spell library contained the following spells:

 Spells                   Type           Power      Damage    Failure   Level
 Summon Small Mammal      Summ           0%         N/A       98%         1
 Call Canine Familiar     Summ           0%         N/A       100%        3
 Summon Guardian Golem    Hex/Summ       0%         N/A       100%        3


Dungeon Overview and Level Annotations

Branches:
Dungeon (4/15)             Temple (1/1) D:4

Altars:
Ashenzari
Cheibriados
Dithmenos
Elyvilon
Kikubaaqudgha
Nemelex Xobeh
Qazlal
Sif Muna
The Shining One

Shops:
D:3 (


Innate Abilities, Weirdness & Mutations

You cannot be hasted, slowed, berserked, paralysed or teleported.
You can dig through walls and to a lower floor.
You have a pair of large antennae on your head. (SInv)
Your four strong arms can wield two-handed weapons with a shield.


Message History

A water moccasin is nearby!
You miss the water moccasin.
The water moccasin bites you but does no damage.
The water moccasin bites you! x2
The water moccasin bites you but does no damage.
You miss the water moccasin.
The water moccasin bites you but does no damage. x2
The water moccasin bites you! The water moccasin bites you.
You are poisoned.
The water moccasin poisons you!
You miss the water moccasin.
You feel very sick. The water moccasin bites you.
You are more poisoned.
The water moccasin poisons you! The water moccasin closely misses you.
You block the water moccasin's attack.
The water moccasin bites you but does no damage.
You barely miss the water moccasin.
You feel extremely sick.
The water moccasin barely misses you. x2; The water moccasin bites you.
* * * LOW HITPOINT WARNING * * *
The water moccasin bites you but does no damage.
You barely miss the water moccasin.
You feel very sick. The water moccasin bites you.
* * * LOW HITPOINT WARNING * * *
The water moccasin closely misses you. You block the water moccasin's attack.
The water moccasin closely misses you.
You feel better. The water moccasin bites you!
* * * LOW HITPOINT WARNING * * *
You feel better. The water moccasin bites you!
* * * LOW HITPOINT WARNING * * *
You are lethally poisoned!
The water moccasin poisons you!
You barely miss the water moccasin.
* * * LOW HITPOINT WARNING * * *
You feel extremely sick.
The water moccasin bites you but does no damage. x2
You block the water moccasin's attack. The water moccasin bites you.
You die...

#8.........8### #
#.+...........'.#
# .#8.........8#.#
# .##.........##.#
#
..##8.....8###.###
#.###.....##......
#.# ##8.8# #######
#S# ##'# ####
##@####... ####...
#....>.... .......
#.#####.#. #..#...
#.# #. #... #.#
#... #.# #..
...... #.# #..
#....<. #.# #..
..##...... #.# #.#
#.##.#.#.#


You could see a water moccasin.

Vanquished Creatures
  A black bear (D:4)
  Pargi (D:3)
  A hound (D:4)
  Crazy Yiuf (D:3)
  An orc wizard (D:4)
  Robin (D:3)
  4 gnolls
  4 adders
  5 worms
  6 dart slugs
  3 orcs
  9 endoplasms
  4 giant cockroaches
  15 goblins
  6 hobgoblins
  9 jackals
  2 quokkas (D:4)
  8 ball pythons
  5 bats
  A frilled lizard (D:1)
  2 kobolds
  3 rats
92 creatures vanquished.

Notes
Turn   | Place    | Note
-------+----------+-------------------------------------------
     0 | D:1      | lonewolfV2 the Formicid Fighter began the quest for the
                  | Orb.
     0 | D:1      | Reached XP level 1. HP: 18/18 MP: 1/1
    62 | D:1      | Reached XP level 2. HP: 21/25 MP: 2/2
   449 | D:1      | Reached XP level 3. HP: 13/30 MP: 3/3
   831 | D:1      | Identified a scroll of acquirement
   831 | D:1      | Acquired a +5 heavy executioner's axe
  1009 | D:2      | Reached XP level 4. HP: 38/38 MP: 4/4
  1042 | D:2      | Reached skill level 5 in Shields
  1177 | D:2      | Reached skill level 5 in Fighting
  1292 | D:2      | Reached XP level 5. HP: 43/44 MP: 5/5
  1448 | D:3      | Identified the +0 helmet of Terror {rC- Regen+ Int+8}
  1448 | D:3      | Noticed Robin
  1456 | D:3      | Killed Robin
  1566 | D:3      | Found a faded altar of an unknown god.
  1649 | D:3      | Found Xode's Antique Weapon Boutique.
  1668 | D:3      | Noticed Pargi
  1673 | D:3      | Killed Pargi
  1674 | D:3      | Reached skill level 6 in Shields
  1674 | D:3      | Reached XP level 6. HP: 48/52 MP: 6/6
  2077 | D:3      | Found a runed translucent door.
  2078 | D:3      | Noticed Crazy Yiuf
  2083 | D:3      | Killed Crazy Yiuf
  2155 | D:4      | Noticed a black bear
  2164 | D:4      | Killed a black bear
  2184 | D:4      | Found an ancient bone altar of Kikubaaqudgha.
  2200 | D:4      | Reached XP level 7. HP: 59/59 MP: 7/7
  2274 | D:4      | Reached skill level 7 in Shields
  2540 | D:4      | Found a staircase to the Ecumenical Temple.
  2558 | Temple   | Entered the Ecumenical Temple
  2566 | Temple   | Became a worshipper of Qazlal Stormbringer
  2652 | D:4      | Found a broken altar of Ashenzari.
  2914 | D:4      | Noticed a water moccasin
  2923 | D:4      | Slain by a water moccasin

Illustrated notes

Levels and vault maps discovered:
D:1:      saegor_arrival_simple_d, layout_basic
D:2:      layout_rooms
D:3:      layout_loops_ring, serial_shops, nicolae_shop_trees,
          basic_ecumenical_altar, uniq_crazy_yiuf_cottage, uniq_pargi,
          uniq_robin
D:4:      layout_loops_ring, lemuel_crystal_altar, minmay_temple_entry_glass,
          dk_noncrumbling_4, grunt_ministairs_2,
          hangedman_decor_clover_reticule, hangedman_abyss_or_decor_stagger,
          kennysheep_diamond
Temple:   eino_temple_lava

Skill      XL: |  1  2  3  4  5  6  7 |
---------------+----------------------+-----
Fighting       | 4 5 6 |  6.7
Shields        | 5 6 7 |  7.3
Axes           | |  2.0
Armour         | |  3.2

Action                     |  1- 3 |  4- 6 |  7- 9 || total
---------------------------+-------+-------+-------++-------
  Melee: War axe           |    48 |       |       ||    48
         Executioner's axe |    22 |    55 |    43 ||   120
    Use: Scroll            |     5 |     9 |       ||    14
         Potion            |       |       |     2 ||     2
 Armour: Scale mail        |    47 |       |       ||    47
         Chain mail        |    12 |    64 |    49 ||   125
  Dodge: Dodged            |    56 |    37 |    34 ||   127
  Block: Buckler           |    40 |    29 |    26 ||    95
